 Dungeon Crawl Stone Soup version 0.29.1-15-g9cfb28693d (webtiles) character file.

Game seed: 7250560864872019447

106 leafyfresh the Sneak (level 4, 0/33 HPs)
             Began as an Octopode Delver on Apr 14, 2023.
             Succumbed to a water moccasin's poison
             ... on level 5 of the Dungeon.
             The game lasted 00:00:30 (244 turns).

leafyfresh the Sneak (Octopode Delver)               Turns: 244, Time: 00:00:31

Health: 0/33       AC:  1    Str: 11    XL:     4   Next: 84%
Magic:  4/4        EV: 14    Int: 14    God:
Gold:   12         SH:  0    Dex: 13    Spells: 3/3 levels left

rFire   . . .      SeeInvis .   a - +0 short sword
rCold   . . .      Faith    .   (no shield)
rNeg    . . .      Spirit   .   (helmet restricted)
rPois   .          Reflect  .   (no amulet)
rElec   .          Harm     .   (no ring)
rCorr   .          Rampage  .   (no ring)
Will    .....                   (no ring)
Stlth   +++++.....              (no ring)
HPRegen 0.11/turn               (no ring)
MPRegen 0.09/turn               (no ring)
                                (no ring)
                                (no ring)

@: lethally poisoned (0 -> -4)
A: almost no armour, amphibious, 8 rings, camouflage 1, gelatinous body 1,
(nimble swimmer 1), tentacles
a: no special abilities


You were on level 5 of the Dungeon.
You visited 1 branch of the dungeon, and saw 1 of its levels.

You collected 12 gold pieces.

Inventory:

Hand Weapons
 a - a +0 short sword (weapon)
 g - a +0 sling
Wands
 f - a wand of digging (3)
Scrolls
 b - a scroll of fog
 c - a scroll of magic mapping
Potions
 e - a potion of haste


   Skills:
 + Level 3.9 Fighting
 - Level 2.0 Short Blades
 + Level 3.2 Dodging
 + Level 7.6 Stealth


You had 3 spell levels left.
You didn't know any spells.
Your spell library was empty.

Dungeon Overview and Level Annotations

Branches:
Dungeon (5/15)
 Temple: D:4-7

Altars:


Innate Abilities, Weirdness & Mutations

You cannot wear most types of armour.
You are amphibious.
You can wear up to eight rings at the same time.
Your skin changes colour to match your surroundings (Stealth+).
Your rubbery body absorbs attacks. (AC +1, EV +1)
((You are camouflaged when in or above water. (Stealth+)))
You have tentacles for arms and can constrict up to eight enemies at once.


Message History

You squeeze the water moccasin, but do no damage.
The water moccasin is severely wounded.
You constrict the water moccasin. The water moccasin bites you.
The water moccasin completely misses you.
You hit the water moccasin but do no damage.
The water moccasin is severely wounded.
You constrict the water moccasin. The water moccasin bites you.
You are lethally poisoned!
The water moccasin poisons you!
Unknown command.
You hit the water moccasin but do no damage.
You squeeze the water moccasin.
You kill the water moccasin!
* * * LOW HITPOINT WARNING * * *
You feel very sick. The scorpion closely misses you.
Your Dodging skill increases to level 3!
Your Stealth skill increases to level 7!
You have reached level 2!
You have reached level 3!
Your experience leads to an increase in your attributes!
Increase (S)trength, (I)ntelligence, or (D)exterity?
Uppercase letters only, please.
Uppercase letters only, please.
You feel clever. x2
You have reached level 4!
As you read the scroll of fear, it crumbles to dust.
You assume a fearsome visage.
The scorpion looks frightened!
The howler monkey looks frightened!
The howler monkey howls!
* * * LOW HITPOINT WARNING * * *
You feel sick.
You hear a shout! x2
A gnoll comes into view. It is wielding a +0 spear.
* * * LOW HITPOINT WARNING * * *
You feel sick.
A gnoll comes into view. It is wielding a +0 club.
* * * LOW HITPOINT WARNING * * *
You feel sick.
You die...

.g.....# ......
#s..#.##.......
..#.....#........
.................
##?.....†......... .#..
#....#..... )...##
##.......... ##
......##.......##. ..#
#......#...@...# #..
#.##............# #.#
#..###.............
#.####.# #..............
...##≈.####............#
....≈~≈.................
.###≈≈~~.###............
.##..~≈≈.........#......
..#...≈~≈8.8.....#...


You could see a scorpion (fleeing).

Vanquished Creatures
  A water moccasin (D:5)
  A worm (D:5)
2 creatures vanquished.

Notes
Turn   | Place    | Note
-------+----------+-------------------------------------------
     0 | D:5      | leafyfresh the Octopode Delver began the quest for the Orb.
     0 | D:5      | Reached XP level 1. HP: 16/16 MP: 1/1
   229 | D:5      | Noticed a water moccasin
   234 | D:5      | Noticed a howler monkey
   235 | D:5      | Noticed a scorpion
   240 | D:5      | Killed a water moccasin
   241 | D:5      | Reached skill level 7 in Stealth
   241 | D:5      | Reached XP level 2. HP: 4/22 MP: 2/2
   241 | D:5      | Reached XP level 3. HP: 5/27 MP: 3/3
   241 | D:5      | Reached XP level 4. HP: 6/33 MP: 4/4
   243 | D:5      | HP: 1/33 [poisoned by a water moccasin]
   244 | D:5      | Succumbed to a water moccasin's poison

Illustrated notes

Levels and vault maps discovered:
D:5:      layout_cave_pools, mainiacjoe_overflow_catwalk_spiral,
          serial_column_ruins, column_ruins_hut, column_ruins_corridor_straight,
          column_ruins_columns_water, column_ruins_corridor_corner,
          column_ruins_grid_2, column_ruins_open_small, uniq_edmund,
          uniq_sigmund

Skill      XL: |  1 |
---------------+----+-----
Dodging        | 3 |  3.2
Stealth        | 7 |  7.6
Fighting       | |  3.9
Short Blades   | |  2.0

Action                   |  1- 3 |  4- 6 || total
-------------------------+-------+-------++-------
Melee: Short sword       |    11 |       ||    11
       Constrict         |     2 |       ||     2
       Tentacles         |     2 |       ||     2
  Use: Scroll            |       |     1 ||     1
 Stab: Sleeping          |     1 |       ||     1
Dodge: Dodged            |     6 |       ||     6
